 Dungeon Crawl Stone Soup version 0.28.0-45-g0d030f2227 (webtiles) character file.

Game seed: 3070446603880093845

204 Bruhh the Magician (level 6, -3/46 HPs)
             Began as a Djinni Cinder Acolyte on Apr 24, 2022.
             Was a High Priest of Ignis.
             Slain by a goblin
             ... wielding a +0 dagger
             ... led by Robin
              (6 damage)
             ... on level 4 of the Dungeon.
             The game lasted 00:06:56 (3423 turns).

Bruhh the Magician (Djinni Cinder Acolyte)          Turns: 3423, Time: 00:06:57

Health: -3/46      AC:  2    Str: 13    XL:     6   Next: 9%
Gold:   157        EV: 11    Int: 18    God:    Ignis [*****.] SH:  0 Dex:  8

rFire   + + +      SeeInvis .   a - -1 falchion (flame)
rCold   x . .      Faith    .   (no shield)
rNeg    . . .      Spirit   .   b - +0 robe
rPois   ∞          Reflect  .   (no helmet)
rElec   .          Harm     .   (no cloak)
rCorr   .          Rampage  .   (no gloves)
Will    .....                   (boots unavailable)
Stlth   +.........              (no amulet)
HPRegen 0.15/turn               g - ring of wizardry
MPRegen 0.00/turn               (no ring)

@: flying
A: sickness immunity, fire resistance 2, cold vulnerability 1, float, innate
caster, HP casting, extra vitality 1
a: Renounce Religion, Fiery Armour, Foxfire Swarm, Rising Flame


You were on level 4 of the Dungeon.
You worshipped Ignis.
Ignis was extremely pleased with you.
You visited 1 branch of the dungeon, and saw 4 of its levels.

You collected 157 gold pieces.

Inventory:

Hand Weapons
 a - a -1 falchion of flaming (weapon)
Armour
 b - a +0 robe (worn)
Jewellery
 g - a ring of wizardry (left hand)
 h - a ring of wizardry
Scrolls
 c - 2 scrolls of fog {unknown}
 d - 4 scrolls of identify {unknown}
 e - a scroll of torment {unknown}
 i - a scroll of acquirement {unknown}
 j - 3 scrolls of blinking {unknown}
 k - a scroll of noise {unknown}
 l - a scroll of teleportation {unknown}
 m - 2 scrolls of immolation {unknown}
 p - a scroll of fear {unknown}
Potions
 f - 2 potions of heal wounds {unknown}
 n - a potion of haste {unknown}
 o - a potion of degeneration {unknown}


   Skills:
 - Level 3.0 Fighting
 - Level 2.6 Long Blades
 + Level 4.9 Spellcasting


You had 9 spell levels left.
You knew the following spells:

 Your Spells              Type           Power      Damage    Failure   Level
a - Scorch                Fire           44%        2d7       1%          2
b - Sting                 Tmut/Pois      88%        1d7       1%          1
c - Corpse Rot            Necr/Air       44%        N/A       1%          2
Your spell library was empty.

Dungeon Overview and Level Annotations

Branches:
Dungeon (4/15)
 Temple: D:4-7

Altars:
Gozag
Trog

Annotations:
D:4 Robin


Innate Abilities, Weirdness & Mutations

You are immune to sickness and miasma.
You are immune to poison.
Your flesh is very heat resistant. (rF++)
You are vulnerable to cold. (rC-)
You float through the air rather than walking.
You learn spells naturally, not from books.
Your magical power is your life essence.
You have superior vitality. (+4 MHP)


Message History

Your transformation is almost over.
Robin hits you but does no damage.
The goblin shoots a sling bullet.
The sling bullet completely misses you. The goblin barely misses you.
You're too terrified to move while being watched!
You're too terrified to move while being watched!
You're too terrified to move while being watched!
Robin hits you but does no damage.
The goblin shoots a sling bullet.
The sling bullet closely misses you. The goblin misses you.
The goblin no longer looks unusually strong.
Robin barely misses you.
The goblin shoots a sling bullet.
The sling bullet misses you. The goblin misses you.
Robin hits you but does no damage.
The goblin shoots a sling bullet.
The sling bullet hits you. The goblin hits you but does no damage.
Robin completely misses you.
The goblin shoots a sling bullet.
The sling bullet misses you. The goblin misses you. Robin misses you.
The goblin barely misses you.
The goblin no longer looks unusually strong.
Robin barely misses you. The goblin hits you with a +0 dagger.
Robin roars a battlecry!
The goblins go into a battle-frenzy!
The goblin unwields a +0 hunting sling.
The goblin wields a +0 club.
The goblin barely misses you. The goblin hits you but does no damage.
You're too terrified to move while being watched!
Robin throws the goblin at you! The goblin barely misses you. x2
Robin hits you but does no damage. The goblin hits you but does no damage.
The goblin closely misses you.
You stop sporulating.
Your -1 falchion of flaming unmelds from your body.
Your +0 robe unmelds from your body.
Your -1 falchion of flaming bursts into flame!
Robin hits you with a +0 short sword.
* * * LOW HITPOINT WARNING * * *
The goblin hits you with a +0 club.
* * * LOW HITPOINT WARNING * * *
The goblin hits you but does no damage.
Robin zaps a wand.
You resist with some effort. The goblin hits you with a +0 club.
* * * LOW HITPOINT WARNING * * *
The goblin hits you with a +0 dagger.
You die...

#..# ##......##.### #
.......)#.....## ..# .
..#.#..###....##.. .
...###..##...##).### .. ..
..####.............#..# .. ..
##.......[..#.#.#.. #..
.....##..###.....#...........
.......#...#g##....###....
.........#.#.@)...........
....#....###gg))..#......g .
#.....##..)..........g
#................)....
##..##....#...........
#####...###..........
#.....##.....#...
##...####....# .. #####
#...... .


You could see Robin and 2 goblins.

Vanquished Creatures
  A jelly (D:3)
  A hound skeleton (D:4)
  3 gnolls (D:3)
  6 adders
  2 worms (D:2)
  A dart slug (D:2)
  5 endoplasms
  4 giant cockroaches
  14 goblins
  6 hobgoblins
  2 jackals (D:2)
  4 quokkas
  5 ball pythons
  2 bats (D:1)
  4 frilled lizards
  6 kobolds
  5 rats
71 creatures vanquished.

Vanquished Creatures (others)
  5 plants (D:2)
5 creatures vanquished.

Grand Total: 76 creatures vanquished

Notes
Turn   | Place    | Note
-------+----------+-------------------------------------------
     0 | D:1      | Bruhh the Djinni Cinder Acolyte began the quest for the
                  | Orb.
     0 | D:1      | Reached XP level 1. HP: 20/20 MP: 0/0
   185 | D:1      | Reached XP level 2. HP: 17/25 MP: 0/0
   615 | D:1      | Reached skill level 3 in Spellcasting
  1088 | D:2      | Reached XP level 3. HP: 23/30 MP: 0/0
  1088 | D:2      | Learned a level 1 spell: Sting
  1411 | D:2      | Found a bloodstained altar of Trog.
  1482 | D:2      | Found a faded altar of an unknown god.
  1662 | D:2      | Reached XP level 4. HP: 28/35 MP: 0/0
  2086 | D:3      | Reached skill level 4 in Spellcasting
  2203 | D:3      | Reached XP level 5. HP: 22/40 MP: 0/0
  2203 | D:3      | Learned a level 2 spell: Corpse Rot
  3232 | D:4      | Found an opulent altar of Gozag.
  3263 | D:4      | Reached XP level 6. HP: 34/46 MP: 0/0
  3387 | D:4      | Noticed Robin
  3423 | D:4      | Slain by a goblin

Illustrated notes

Levels and vault maps discovered:
D:1:      eino_arrival_tree_alley, layout_basic, nrook_loot_triangle
D:2:      wander_river, layout_rooms, shapermc_ecumenical_altar_mp_ritualfount,
          basic_altar, corner_web_ring, chequers_serial_rivers_large_a
D:3:      layout_loops_ring, grunt_decor_resistance
D:4:      layout_cave_pools, grunt_gozag_breadcrumbs, amcnicky_altar_gilded,
          minmay_temple_entry_grid, uniq_robin

Skill      XL: |  1  2  3  4 |
---------------+-------------+-----
Spellcasting   | 3 4 |  4.9
Fighting       | |  3.0
Long Blades    | |  2.6

Action                   |  1- 3 |  4- 6 || total
-------------------------+-------+-------++-------
Melee: Falchion          |    43 |     2 ||    45
 Cast: Scorch            |    16 |    46 ||    62
       Sting             |     7 |     7 ||    14
Armor: Robe              |     5 |     1 ||     6
       Skin              |       |    10 ||    10
Dodge: Dodged            |    27 |    36 ||    63
